 Dungeon Crawl Stone Soup version 0.30-a0-424-g7412bad402 (webtiles) character file.

Game seed: 15383885239089733480

19 HoaS the Ruffian (level 2, -1/24 HPs)
             Began as a Ghoul Gladiator on Dec 9, 2022.
             Slain by a gnoll
             ... wielding a +2 flail of holy wrath
              (6 damage)
             ... on level 2 of the Dungeon.
             The game lasted 00:01:43 (884 turns).

HoaS the Ruffian (Ghoul Gladiator)                   Turns: 884, Time: 00:01:43

Health: -1/24      AC:  4    Str: 17    XL:     2   Next: 75%
Magic:  0/1        EV: 12    Int:  3    God:
Gold:   41         SH:  0    Dex: 10    Spells: 1/1 levels left

rFire   + . .      SeeInvis .      - Unarmed
rCold   + . .      Faith    .    (no shield)
rNeg    + + +      Spirit   +    a - +0 leather armour
rPois   ∞          Reflect  .    b - +0 helmet
rElec   .          Harm     .    (no cloak)
rCorr   .          Rampage  .    (no gloves)
Will    .....                    (no boots)
Stlth   +.........               f - amulet of guardian spirit
HPRegen 0.00/turn                i - ring of protection from fire
MPRegen 0.07/turn                (no ring)

@: inhibited regen
A: claws 1, cold resistance 1, negative energy resistance 3, inhibited
regeneration, torment resistance 2, devour on kill
a: no special abilities


You were on level 2 of the Dungeon.
You visited 1 branch of the dungeon, and saw 2 of its levels.

You collected 41 gold pieces.

Inventory:

Missiles
 c - 3 throwing nets (quivered)
 d - a javelin
Armour
 a - a +0 leather armour (worn)
 b - a +0 helmet (worn)
Jewellery
 f - an amulet of guardian spirit (around neck)
 i - a ring of protection from fire (left claw)


   Skills:
 - Level 2.1 Fighting
 - Level 1.7 Throwing
 - Level 2.6 Dodging
 + Level 4.3 Unarmed Combat


You had one spell level left.
You didn't know any spells.
Your spell library was empty.

Dungeon Overview and Level Annotations

Branches:
Dungeon (2/15)

Altars:


Innate Abilities, Weirdness & Mutations

You are immune to poison.
You have sharp fingernails.
Your flesh is cold resistant. (rC+)
You are immune to negative energy. (rN+++)
You do not regenerate when monsters are visible.
You are immune to unholy pain and torment.
You thrive by killing the living.


Message History

You drop a potion of berserk rage.
A hobgoblin comes into view.
i - a ring of protection from fire (left claw)
A hobgoblin is nearby!
A gnoll comes into view. It is wielding a +0 whip.
The gnoll shouts!
You hear a bark!
A jackal comes into view.
A gnoll comes into view.
It is wielding a +2 flail of holy wrath.
A gnoll comes into view. It is wielding a +0 spear.
The hobgoblin completely misses you.
The gnoll moves out of view.
You barely miss the hobgoblin.
A ball python comes into view.
The hobgoblin barely misses you.
A rat comes into view.
The ball python moves out of view.
You claw the hobgoblin!
You kill the hobgoblin!
A ball python comes into view.
A gnoll comes into view. It is wielding a +0 club.
The ball python hisses angrily.
A goblin comes into view. It is wielding a +0 club.
The gnoll hits you with a +2 flail of holy wrath.
You convulse.
The gnoll moves out of view.
The gnoll attacks as you move away! The gnoll barely misses you.
The ball python hisses angrily.
The gnoll attacks as you move away! The gnoll completely misses you.
You scratch the gnoll.
The gnoll is lightly wounded.
You scratch the gnoll.
The gnoll is moderately wounded.
The gnoll closely misses you.
You claw the gnoll!
The gnoll is almost dead.
The gnoll hits you with a +2 flail of holy wrath!
You convulse.
* * * LOW HITPOINT WARNING * * *
You barely miss the gnoll.
The gnoll is almost dead.
The gnoll hits you with a +2 flail of holy wrath.
You die...

.#.## ...# .
###..# #
..#....## .#
...... ..
...###.#..
#####gh...#...
#.@ggSg.......
###r###S###.....
.....<#.#.. .#.
#### #.!#.#
#S.#.# #.#..r.#
#.S..<##
#...#..#
#....#....


You could see 3 gnolls, a jackal, a goblin, 2 ball pythons and a rat.

Vanquished Creatures
  A dart slug (D:1)
  2 bats (D:1)
  2 endoplasms (D:1)
  A goblin (D:1)
  3 hobgoblins
  A quokka (D:1)
  A ball python (D:1)
  2 frilled lizards (D:1)
  3 rats (D:1)
16 creatures vanquished.

Notes
Turn   | Place    | Note
-------+----------+-------------------------------------------
     0 | D:1      | HoaS the Ghoul Gladiator began the quest for the Orb.
     0 | D:1      | Reached XP level 1. HP: 17/17 MP: 0/0
   180 | D:1      | Reached XP level 2. HP: 24/24 MP: 1/1
   186 | D:1      | Reached skill level 4 in Unarmed Combat
   884 | D:2      | Slain by a gnoll

Illustrated notes

Levels and vault maps discovered:
D:1:      minmay_arrival_stone_box, layout_basic
D:2:      layout_basic, basic_altar

Skill      XL: |  1  2 |
---------------+-------+-----
Unarmed Combat | 4 |  4.3
Fighting       | |  2.1
Throwing       | |  1.7
Dodging        | |  2.6

Action                   || total
-------------------------++-------
Melee: Unarmed           ||    42
       Punch             ||     1
  Use: Scroll            ||     3
 Stab: Sleeping          ||     1
Armor: Leather armour    ||     6
Dodge: Dodged            ||    25

Table legend: (Time is in decaauts)
 A = Elapsed time spent in this place.
 B = Non-inter-level travel time spent in this place.
 C = Inter-level travel time spent in this place.
 D = Time resting spent in this place.
 E = Time spent auto-exploring this place.
 F = Levels seen in this place.
 G = Mean time per level.
                   A        B        C        D        E       F      G
               +--------+--------+--------+--------+--------+-----+--------+
         Total |    880 |    861 |     19 |      0 |    753 |   2 |  440.0 |
       Dungeon |    880 |    861 |     19 |      0 |    753 |   2 |  440.0 |
               +--------+--------+--------+--------+--------+-----+--------+

Top non-repeatable levels by time:
     D:1: 855 daAuts
     D:2: 24 daAuts
